 Dungeon Crawl Stone Soup version 0.19-a0-1922-g1e9a4c1 (webtiles) character file.

48 spe3d0 the Poker (level 3, 0/27 HPs)
             Began as a Merfolk Gladiator on Oct 25, 2016.
             Succumbed to an adder's poison
             ... on level 2 of the Dungeon.
             The game lasted 00:03:23 (1205 turns).

spe3d0 the Poker (Merfolk Gladiator)                Turns: 1205, Time: 00:03:23

Health: 0/27       AC:  4    Str: 15    XL:     3   Next: 72%
Magic:  3/3        EV: 15    Int:  7    God:
Gold:   65         SH:  0    Dex: 15    Spells: 0 memorised, 2 levels left

rFire  . . .     SeeInvis +     a - +0 trident
rCold  . . .     Gourm    .     b - +0 leather armour
rNeg   . . .     Faith    .     (no shield)
rPois  .         Spirit   .     c - +0 helmet
rElec  .         Reflect  .     (no cloak)
rCorr  .         Harm     .     (no gloves)
MR     .....                    (no boots)
Stlth  +.........               (no amulet)
                                (no ring)
                                v - ring of see invisible

@: lethally poisoned (0 -> -9)
A: change form in water, swift swim, stealthy swim
a: no special abilities


You were on level 2 of the Dungeon.
You were not hungry.

You visited 1 branch of the dungeon, and saw 2 of its levels.

You collected 65 gold pieces.


   Skills:
 - Level 2.1 Fighting
 * Level 5.5 Polearms
 - Level 2.0 Throwing
 * Level 5.2 Dodging


You had 2 spell levels left.
You didn't know any spells.

Inventory:

Hand Weapons
 a - a +0 trident (weapon)
Missiles
 d - 3 throwing nets {=f}
Armour
 b - a +0 leather armour (worn)
 c - a +0 helmet (worn)
 l - a +0 hat
Jewellery
 v - a ring of see invisible (left hand)
Scrolls
 e - 2 scrolls of magic mapping {unknown}
 j - 4 scrolls of enchant armour {unknown}
 n - a scroll of remove curse {unknown}
Potions
 i - a potion of invisibility {unknown}
 k - 3 potions of curing {unknown}
 m - a potion of might {unknown}
Comestibles
 f - a bread ration {@e1}
 g - a meat ration {@e1}
 h - 2 slices of pizza {@e2}
 o - 2 chunks of flesh

Dungeon Overview and Level Annotations

Branches:
Dungeon (2/15)

Altars:
Ashenzari

#.# #.# #.# #.#
#### ## #.# ##..##
..# #.# ###.##.##.#
#.# #..##.##.# #.#
#.##.##S# #.#
#.##..@# #.#
#.###############.#
#.................#
#################.#
###


You could see an adder.


Message History

* * * LOW HITPOINT WARNING * * *
You feel sick. The adder barely misses you. The adder completely misses you.
You closely miss the adder.
The adder is almost dead.
* * * LOW HITPOINT WARNING * * *
You feel sick. The adder misses you.
You barely miss the adder.
The adder is almost dead.
* * * LOW HITPOINT WARNING * * *
You feel sick. The adder closely misses you.
You miss the adder.
The adder is almost dead.
* * * LOW HITPOINT WARNING * * *
You feel sick. The adder barely misses you.
The adder bites you but does no damage.
You barely miss the adder.
The adder is almost dead.
* * * LOW HITPOINT WARNING * * *
You feel sick. The adder bites you but does no damage.
You miss the adder.
The adder is almost dead.
* * * LOW HITPOINT WARNING * * *
You feel sick. The adder misses you.
You miss the adder.
The adder is almost dead.
* * * LOW HITPOINT WARNING * * *
You feel sick. The adder completely misses you. The adder barely misses you.
You barely miss the adder.
The adder is almost dead.
You die...

Skill      XL: |  1  2  3 |
---------------+----------+-----
Polearms       | 5 |  5.5
Dodging        | 5 |  5.2
Fighting       | |  2.1
Throwing       | |  2.0

Action                   || total
-------------------------++-------
Melee: Trident           ||   102
 Stab: Sleeping          ||     1
  Eat: Chunk             ||     1
Armor: Leather armour    ||    10
Dodge: Dodged            ||    50

Vault maps used:
D:1:      dpeg_arrival_circle_labyrinth_a, evilmike_ruin_ashenzari
D:2:      marbit_many_paths, serial_corexii_hall, corexii_hall_statues_s,
          corexii_hall_statues_deadend, corexii_hall_statues_x, uniq_jessica

Notes
Turn   | Place    | Note
-------+----------+-------------------------------------------
     0 | D:1      | spe3d0 the Merfolk Gladiator began the quest for the Orb.
     0 | D:1      | Reached XP level 1. HP: 16/16 MP: 1/1
   124 | D:1      | Found a shattered altar of Ashenzari.
   220 | D:1      | Reached XP level 2. HP: 20/22 MP: 2/2
   489 | D:1      | Reached skill level 5 in Polearms
   950 | D:2      | Reached XP level 3. HP: 24/27 MP: 3/3
   965 | D:2      | Reached skill level 5 in Dodging
  1203 | D:2      | HP: 2/27 [poisoned by an adder]
  1205 | D:2      | Succumbed to an adder's poison

Vanquished Creatures
  2 adders (D:2)
  An ooze (D:2)
  A leopard gecko (D:2)
  A bat (D:1)
  A giant cockroach (D:2)
  6 goblins
  4 hobgoblins (D:1)
  3 frilled lizards (D:1)
  4 kobolds
  A rat (D:1)
24 creatures vanquished.
